 Dungeon Crawl Stone Soup version 0.15-a0-413-gc6111ba (webtiles) character file.

47 4tharraofdagon the Sneak (level 2, 0/25 HPs)
             Began as a Naga Wanderer on May 5, 2014.
             Slain by an orc
             ... wielding a +0,+1 hand axe
              (6 damage)
             ... on Level 4 of the Dungeon.
             The game lasted 00:02:40 (312 turns).

4tharraofdagon the Sneak (Naga Wanderer)             Turns: 312, Time: 00:02:40

HP   0/25        AC  1     Str 15      XL: 2   Next: 41%
MP   0/3         EV  9     Int 11      God:
Gold 33          SH  0     Dex 10      Spells:  2 memorised,  1 level left

rFire  . . .     SeeInvis +     b - +0 quarterstaff
rCold  . . .     Clarity  .     c - +0 robe
rNeg   . . .     Conserve .     (no shield)
rPois  +         rCorr    .     (no helmet)
rElec  .         rRot     .     (no cloak)
SustAb . .       Spirit   .     (no gloves)
rMut   .         Warding  .     (no barding)
Saprov . . .     Stasis   .     (no amulet)
MR     .....                    (no ring)
                                (no ring)

@: short of breath, very slightly contaminated, very slow, not resistant to
hostile enchantments, fairly stealthy
A: spit poison, see invisible, deformed body, poison resistance, slowness 2
a: Spit Poison


You were on level 4 of the Dungeon.
You were not hungry.

You visited 1 branch of the dungeon, and saw 4 of its levels.

You collected 33 gold pieces.

Inventory:

Hand weapons
 b - a +0,+0 quarterstaff (weapon)
 d - a +0,+0 dagger
Armour
 c - a +0 robe (worn)
Comestibles
 f - 2 bread rations
Scrolls
 g - 3 scrolls of teleportation {unknown}
 h - a scroll of fear {unknown}
Potions
 e - a potion of curing {unknown}
Books
 a - a book of Flames

   Spells                             Type                      Level
   *Flame Tongue                      Conjuration/Fire             1
   Throw Flame                        Conjuration/Fire             2
   Conjure Flame                      Conjuration/Fire             3
   Inner Flame                        Hexes/Fire                   3
   Sticky Flame                       Conjuration/Fire             4
   Fireball                           Conjuration/Fire             5


   Skills:
 + Level 1.1 Fighting
 - Level 1.0 Staves
 + Level 4.6 Stealth
 * Level 0.6 Unarmed Combat
 + Level 1.3 Spellcasting
 * Level 0.4 Conjurations
 * Level 2.2 Fire Magic
   Level 2.0 Air Magic


You had one spell level left.
You knew the following spells:

 Your Spells              Type           Power        Failure   Level  Hunger
a - Summon Small Mammal   Summ           #...         34%         1    ##.....
b - Flame Tongue          Conj/Fire      #....        21%         1    ##.....


Dungeon Overview and Level Annotations

Branches:
Dungeon (4/15)
 Temple: D:4-7

Altars:


Innate Abilities, Weirdness & Mutations

You cannot wear boots.
You can spit poison.
You have supernaturally acute eyesight.
Armour fits poorly on your strangely shaped body.
Your system is resistant to poisons.
You cover ground very slowly.


Message History

You miscast Flame Tongue.
The air around you burns with energy! The orc closely misses you.
Use which ability? (? or * to list)
Press: ? - help, Shift-Dir - straight line, f/p - orc
Aim: an orc, wielding a flail and wearing a scale mail (heavily wounded)
The splash of poison hits the orc.
The orc is poisoned.
The orc is heavily wounded.
You feel slightly more hungry. The orc closely misses you.
You hit the orc.
You kill the orc!
You hit the orc but do no damage. The orc hits you with a hand axe!
* * * LOW HITPOINT WARNING * * *
You closely miss the orc. The orc barely misses you.
Use which ability? (? or * to list)
You can't do that yet.
Unknown command.
You hit the orc.
The orc is moderately wounded.
The orc hits you with a hand axe.
You die...

# ... .... .....
.......###
........(#######
.........([..o@#
###.....#######
#.....# #.....#
#.....# #######


You could see an orc.

Vanquished Creatures
  2 orcs (D:4)
  A giant cockroach (D:3)
  3 bats
  A kobold (D:3)
  6 rats
13 creatures vanquished.

Vanquished Creatures (others)
  2 rats (D:4)
2 creatures vanquished.

Grand Total: 15 creatures vanquished

Notes
Turn   | Place    | Note
--------------------------------------------------------------
     0 | D:1      | 4tharraofdagon, the Naga Wanderer, began the quest for the Orb.
     0 | D:1      | Reached XP level 1. HP: 18/18 MP: 2/2
     7 | D:1      | Learned a level 1 spell: Flame Tongue
   136 | D:4      | Reached XP level 2. HP: 9/25 MP: 1/3
   312 | D:4      | Slain by an orc

Action                   || total
-------------------------++-------
Melee: Quarterstaff      ||    23
 Cast: Summon Small Mamm ||     2
 Abil: Spit Poison       ||     8
  Use: Potion            ||     3
 Stab: Sleeping          ||     4

Vault maps used:
D:1:      saegor_arrival_simple_a
D:2:      uniq_crazy_yiuf_cottage
D:3:      uniq_terence
D:4:      first_bread, kennysheep_generic_room_8
